 Dungeon Crawl Stone Soup version 0.15.0-14-g6bbbb5c (webtiles) character file.

752599 Leibowitz the Merfolkian Porcupine (level 27, -1/249 HPs)
             Began as a Merfolk Gladiator on Sept 2, 2014.
             Was a High Priest of Okawaru.
             Killed by divine providence
             ... invoked by a balrug
              (15 damage)
             ... on Level 14 of a ziggurat on Sept 4, 2014.
             The game lasted 13:54:35 (95289 turns).

Leibowitz the Merfolkian Porcupine (MfGl)          Turns: 95289, Time: 13:54:38

HP  -1/249       AC 46     Str 32      XL: 27
MP  33/34        EV 42     Int  6      God: Okawaru [*****.]
Gold 7893        SH  0     Dex 27      Spells:  0 memorised, 26 levels left

rFire  + . .     SeeInvis +     a - +7 bardiche of Mehaim {chop, +Inv MR++ Str+1}
rCold  + . .     Clarity  .     I - +9 pearl dragon armour of Juicuhou {rN+ Str+3 Dex+1}
rNeg   + + .     rCorr    .     (no shield)
rPois  .         rRot     .     r - +1 helmet of Impatience {SInv}
rElec  +         Spirit   .     s - +0 cloak "Xitur" {rF+ Str+1 Slay+4}
SustAb .         Warding  .     Z - +2 pair of gloves {Str+3}
rMut   .         Stasis   .     U - +2 pair of boots
Gourm  +                        T - amulet "Atidua" {Gourm rC+ Dex+3 SInv}
MR     +++++                    c - ring of the Raven {rN+ MR+ Dex+3 Int+2}
                                N - ring "Psummute" {rElec EV+4}

@: mighty, lethally poisoned, heroism, finesse, sap magic, slowed, drained, very
slow, almost entirely resistant to hostile enchantments, extraordinarily
stealthy
A: change form in water, swift swim, rough black scales 1, clumsy 1,
deterioration 1, dopey 2, low mp 1, spit poison 1
a: Spit Poison, Heroism, Finesse, Renounce Religion, Evoke Invisibility
}: 4/15 runes: decaying, slimy, silver, gossamer


You were on level 14 of a ziggurat.
You worshipped Okawaru.
Okawaru was extremely pleased with you.
You were not hungry.

You visited 16 branches of the dungeon, and saw 69 of its levels.
You visited the Abyss 1 time.
You visited 1 bazaar.
You visited 1 Ziggurat, and saw 14 of its levels.
You also visited: Labyrinth, Trove, Sewer, Bailey and Ice Cave.

You collected 11342 gold pieces.
You spent 3449 gold pieces at shops.

Inventory:

Hand weapons
 a - the +7 bardiche of Mehaim (weapon) {chop, +Inv MR++ Str+1}
   (Okawaru gifted it to you in the Vestibule of Hell)

   It inflicts extra damage upon your enemies.
   It affects your strength (+1).
   It affects your resistance to hostile enchantments.
   It lets you turn invisible.
 D - the +8 glaive of Hixef {speed, rF+ rC+ Str-3}
   (You found it in a bailey)

   Attacks with this weapon are significantly faster.
   It affects your strength (-3).
   It protects you from fire.
   It protects you from cold.
 E - the +7 short sword of Fedhas' Wrath {slice, Dex+3 Stlth+}
   (You found it on level 7 of a ziggurat)

   It inflicts extra damage upon your enemies.
   It affects your dexterity (+3).
   It makes you more stealthy.
 Y - the +18 lance "Wyrmbane" {slay drac, +Rage rPois rF+ AC+5}
   (You bought it in a shop in a bazaar)

   It affects your AC (+5).
   It protects you from fire.
   It protects you from poison.
   It lets you go berserk.
Missiles
 f - 4 poisoned javelins (quivered)
Armour
 r - the +1 helmet of Impatience (worn) {SInv}
   (Okawaru gifted it to you on level 3 of the Vaults)

   It enhances your eyesight.
 s - the +0 cloak "Xitur" (worn) {rF+ Str+1 Slay+4}
   (You found it in a labyrinth)

   It affects your strength (+1).
   It affects your accuracy and damage with ranged weapons and melee attacks
   (+4).
   It protects you from fire.
 G - the +2 cloak of the Thief {+Fog Slay-2 SInv Stlth+}
   (You found it on level 6 of the Pits of Slime)

   It affects your accuracy and damage with ranged weapons and melee attacks
   (-2).
   It enhances your eyesight.
   It can be evoked to emit clouds of fog.
   It makes you more stealthy.
 I - the +9 pearl dragon armour of Juicuhou (worn) {rN+ Str+3 Dex+1}
   (You found it on level 5 of the Vaults)

   It affects your strength (+3).
   It affects your dexterity (+1).
   It protects you from negative energy.
 U - a +2 pair of boots (worn)
 Z - a +2 pair of gloves of strength (worn)
Magical devices
 g - a wand of hasting (2)
 t - a wand of heal wounds (2)
 y - a wand of teleportation (5)
Comestibles
 S - 16 fruits
 V - 8 bread rations
Scrolls
 h - 4 scrolls of fear
 j - 14 scrolls of magic mapping
 k - 5 scrolls of blinking
 l - 11 scrolls of identify
 n - a scroll of holy word
 u - 15 scrolls of recharging
 x - 15 scrolls of remove curse
 C - a scroll of summoning
 F - 16 scrolls of teleportation
 M - 13 scrolls of fog
Jewellery
 c - the ring of the Raven (right hand) {rN+ MR+ Dex+3 Int+2}
   (You found it on level 8 of a ziggurat)

   [ring of dexterity]

   It affects your intelligence (+2).
   It affects your dexterity (+3).
   It protects you from negative energy.
   It affects your resistance to hostile enchantments.
 i - an uncursed ring of protection from fire
 o - the ring of Omu Defi {rC+ Str+1 Dex+4}
   (You found it on level 12 of a ziggurat)

   [ring of protection from cold]

   It affects your strength (+1).
   It affects your dexterity (+4).
   It protects you from cold.
 w - a cursed ring of positive energy
 H - an uncursed ring of teleport control
 J - an uncursed amulet of clarity
 K - an uncursed amulet of resist mutation
 L - an uncursed ring of protection from fire
 N - the ring "Psummute" (left hand) {rElec EV+4}
   (You found it on level 3 of the Depths)

   [ring of evasion]

   It affects your evasion (+4).
   It insulates you from electricity.
 P - an uncursed ring of protection from cold
 Q - an uncursed amulet of stasis
 T - the amulet "Atidua" (around neck) {Gourm rC+ Dex+3 SInv}
   (You found it on level 6 of the Pits of Slime)

   [amulet of the gourmand]

   It allows you to eat raw meat even when not hungry.
   It affects your dexterity (+3).
   It protects you from cold.
   It enhances your eyesight.
 W - an uncursed amulet of resist corrosion
 X - an uncursed ring of protection from magic
Potions
 b - 3 potions of resistance
 e - 24 potions of curing
 m - a potion of cancellation
 p - 7 potions of haste
 q - 7 potions of restore abilities
 A - 2 potions of cure mutation
 B - 4 potions of flight
Miscellaneous
 d - the horn of Geryon


   Skills:
 O Level 27(26.4) Fighting
 O Level 27(26.4) Polearms
   Level 1.0(5.7) Crossbows
 + Level 5.3(9.9) Throwing
 * Level 17.9(22.4) Armour
 O Level 27(26.4) Dodging
 + Level 26.6(26.4) Stealth
 + Level 3.8(8.4) Unarmed Combat
 + Level 13.5(13.1) Invocations
 + Level 5.7(5.4) Evocations


You had 26 spell levels left.
You didn't know any spells.

Dungeon Overview and Level Annotations

Branches:
Dungeon (15/15)            Temple (1/1) D:6             Orc (4/4) D:12
    Elf (3/3) Orc:4          Lair (8/8) D:11          Swamp (5/5) Lair:6
 Spider (5/5) Lair:4        Slime (6/6) Lair:6       Vaults (5/5) D:14
  Crypt (0/3) Vaults:2     Depths (5/5) D:15           Hell (1/1)
    Dis (3/7) Hell            Geh (1/7) Hell            Coc (1/7) Hell
    Tar (1/7) Hell            Zot (5/5) Depths:5

Altars:
Ashenzari
Cheibriados
Dithmenos
Elyvilon
Fedhas
Kikubaaqudgha
Makhleb
Nemelex Xobeh
Okawaru
Qazlal
Sif Muna
Trog
Vehumet
Xom
Yredelemnul
Zin
The Shining One
Jiyva

Shops:
D:10 }   D:14 !!}   Orc:2 }=(   Orc:4 [:(*   Elf:3 }   Depths:4 [?

Portals:
Hell: Depths:1 Depths:2 Depths:3 Depths:4 Depths:5
Abyss: Depths:4
Pandemonium: Depths:3 Depths:4 Depths:5

Annotations:
Depths:3 exclusion: hellion


Innate Abilities, Weirdness & Mutations

You revert to your normal form in water.
You are very nimble and swift while swimming.
You are partially covered in rough black scales (AC +4, Dex -1).
You are clumsy. (Dex -2)
Your body is slowly deteriorating.
You are very dopey. (Int -4)
Your magical capacity is low (-10% MP).
You can spit poison.


Message History

* * * LOW HITPOINT WARNING * * *
There is a gate leading back out of here here.
Things that are here:
a bolt; a ring mail Unknown command.
Are you sure you want to leave this Ziggurat?
The grand avatar completely misses you. The Executioner closely misses you.
The Executioner hits you but does no damage.
The Executioner barely misses you. The sixfirhy completely misses you.
The Executioner hits you.
* * * LOW HITPOINT WARNING * * *
The Executioner is healed.
You feel as though you will be slow longer.
The Executioner completely misses you. x2
The sixfirhy completely misses you.
The Executioner hits you but does no damage. x3
The sixfirhy completely misses you. The balrug gestures at you.
Something smites you!
You die...

▓▓▓▓▓▓▓▓▓▓▓▓▓
▓▓...........▓
▓▓.............
▓▓..............
▓▓266............
▓▓26X6....≈≈≈.....
▓▓R123X...≈≈≈≈≈....
▓3>121....≈≈#(≈....
▓▓@416....≈≈≈≈(XX..
▓▓26......≈≈≈6(...
▓▓..........6....
▓▓.......6&.....
▓▓.............
▓...........▓
▓▓▓▓▓▓▓▓▓▓▓▓


You could see a Hell Sentinel, 4 demonspawn, a Brimstone Fiend, an Ice Fiend, a
cacodemon, 2 demonspawn, a reaper, a balrug, an Executioner, an ice devil, 2
large abominations, a sixfirhy, 2 hellions and a chaos spawn.

Vanquished Creatures
  the royal jelly (Slime:6)
  2 orbs of fire (Zot:4)
  2 ancient liches (Zig:10)
  2 pandemonium lords
  A curse toe (Zot:2)
  Sojobo (Vaults:5)
  the Lernaean hydra (Swamp:5)
  7 Killer Klowns
  Geryon (Hell)
  5 golden dragons
  4 electric golems
  the Enchantress (Depths:1)
  4 bone dragons
  3 Brimstone Fiends
  Asterion (Swamp:4)
  An Ice Fiend (Zig:14)
  16 tentacled monstrosities
  2 deep elf blademasters (Elf:3)
  3 Shadow Fiends
  3 tentacled starspawn
  2 sphinxes (shapeshifter) (Zig:13)
  8 liches
  3 quicksilver dragons (Vaults:5)
  2 deep elf master archers (Elf:3)
  2 octopode crushers (Depths:3)
  19 acid blobs
  8 titans
  3 Executioners
  5 sphinxes
  14 storm dragons
  Rupert (Swamp:1)
  A daeva (Abyss:1)
  4 thorn hunters
  Agnes (Spider:1)
  14 shadow dragons
  Frances (Swamp:1)
  A storm dragon (shapeshifter) (Zig:5)
  A shadow dragon (shapeshifter) (Zig:5)
  8 tengu reavers
  6 draconian monks
  A revenant (Zig:10)
  A greater naga (Zig:6)
  8 deep elf sorcerers
  A fire giant (shapeshifter) (Zig:13)
  10 fire giants
  18 azure jellies
  3 balrugs
  Wiglaf (Depths:1)
  Maud (Lair:8)
  A draconian scorcher (Zig:9)
  A chaos champion (Zig:13)
  5 draconian knights
  An iron dragon (Hell)
  14 emperor scorpions
  8 frost giants
  5 ghost moths
  Aizul (Spider:1)
  Louise (Spider:5)
  15 vault wardens
  4 spriggan defenders
  7 draconian annihilators
  An orc warlord (Orc:4)
  5 draconian zealots
  20 reapers
  Jorgrun (Depths:1)
  2 draconian shifters (Zot:4)
  30 very ugly things
  23 stone giants
  5 grey draconians
  6 draconian callers
  4 war gargoyles
  11 deep elf demonologists
  A curse skull (Zig:10)
  6 dire elephants
  A vampire knight (Depths:3)
  2 lorocyprocas
  3 salamander firebrands (Hell)
  20 starcursed masses (Abyss:2)
  5 white draconians
  12 deep elf annihilators
  7 green draconians
  7 mottled draconians
  4 yellow draconians
  7 pale draconians
  7 purple draconians
  4 black draconians
  19 red draconians
  10 ettins
  6 minotaurs
  An eidolon (Depths:2)
  3 green deaths
  5 deep elf death magi
  Snorg (Orc:1)
  5 merfolk javelineers (Zig:12)
  16 death oozes
  2 blizzard demons
  36 vault guards
  2 merfolk impalers (Zig:12)
  12 fire dragons
  7 deep elf high priests
  A quicksilver dragon zombie (Dis:2)
  Josephine (D:14)
  8 death cobs
  20 great orbs of eyes
  A kraken zombie (Hell)
  22 yaktaur captains
  15 ironheart preservers
  Harold (D:10)
  12 centaur warriors
  9 deep troll earth magi
  13 ogre magi
  2 ghost crabs (Zig:10)
  Nessos (Spider:1)
  25 ice dragons
  A rakshasa (Depths:3)
  2 ravenous item mimics
  24 hydras
  A shambling mangrove (Swamp:5)
  9 spriggan air magi
  Erica (D:10)
  A merfolk aquamancer (Zig:12)
  13 alligators
  3 dancing weapons (Depths:2)
  A shock serpent (shapeshifter) (Vaults:5)
  40 death yaks
  4 tengu warriors
  A death yak (shapeshifter) (Vaults:5)
  2 thrashing horrors
  A titan zombie (Dis:2)
  6 deep troll shamans
  4 orc high priests (Orc:4)
  2 fire crabs (Vaults:2)
  2 naga sharpshooters (Zig:6)
  Urug (Spider:1)
  12 spriggan berserkers
  A storm dragon zombie (Dis:1)
  6 iron trolls
  6 sun demons
  9 soul eaters
  The ghost of Fluffy the Hoplite, an experienced MiFi of Qazlal (D:9)
  5 wretched stars (Abyss:2)
  18 deep elf knights
  A spatial maelstrom (Zig:9)
  12 hell knights
  A wizard (D:14)
  4 unseen horrors
  4 hell hogs (Dis:2)
  A shadow wraith (Vaults:1)
  27 orb spiders
  A salamander mystic (Depths:3)
  A shadow demon (Zig:14)
  10 giant orange brains
  29 skeletal warriors
  9 swamp dragons
  9 ice devils
  A spectral anaconda (Depths:2)
  15 large abominations
  16 deep trolls
  3 anaconda zombies
  3 ice statues
  2 shadow dragon zombies
  4 sea snakes (Zig:12)
  A silver statue (Swamp:1)
  A spectral hydra (Depths:2)
  13 ironbrand convokers
  A spriggan druid (Swamp:5)
  2 death drakes (Depths:2)
  A torturous demonspawn (Depths:4)
  6 shining eyes
  4 flayed ghosts
  An unseen horror (shapeshifter) (Depths:4)
  7 phantasmal warriors
  5 deep elf summoners
  A tengu zombie (Vaults:1)
  49 ugly things
  8 harpies (Vaults:3)
  23 orc knights
  7 hill giants
  A wolf spider (shapeshifter) (Vaults:5)
  14 deep elf conjurers
  A harpy (shapeshifter) (Vaults:5)
  12 necromancers
  An ugly thing zombie (D:15)
  An anaconda skeleton (Abyss:1)
  2 frost giant zombies
  A water nymph (Zig:12)
  8 orc sorcerers
  2 stone giant zombies
  2 wolf spider zombies
  11 hellions
  2 hell beasts
  4 mana vipers
  13 red wasps
  The ghost of Poody the Impaler, an experienced MfGl (D:6)
  6 griffons
  6 oklob plants (Zig:9)
  2 manticores
  2 red wasps (shapeshifter)
  3 fire giant zombies
  42 wolf spiders
  An octopode (shapeshifter) (Vaults:3)
  3 smoke demons
  A stone giant skeleton (Dis:2)
  9 cyclopes
  A fire giant skeleton (Depths:2)
  A mermaid (Zig:12)
  2 sixfirhies
  A guardian serpent (Zig:6)
  A mermaid (shapeshifter) (Depths:3)
  3 apocalypse crabs
  4 salamanders
  A frost giant skeleton (Dis:1)
  A draconian skeleton (Zig:9)
  12 black mambas
  Joseph (D:8)
  3 dire elephant zombies
  16 vault sentinels
  18 moths of wrath
  An eye of devastation (shapeshifter) (Depths:4)
  An elephant (D:11)
  3 centaur zombies (Vaults:2)
  2 orange demons
  35 spiny frogs
  11 tormentors
  2 orange crystal statues (Depths:2)
  9 eyes of devastation
  2 yaktaurs (shapeshifter)
  5 torpor snails
  Psyche (D:10)
  A spiny frog (shapeshifter) (Depths:5)
  A gargoyle (D:12)
  A naga mage (Zig:6)
  13 small abominations
  20 iron devils
  A kobold demonologist (Vaults:2)
  A dire elephant skeleton (Dis:2)
  A queen ant (Spider:1)
  4 spectral merfolk (Depths:2)
  A tengu conjurer (D:13)
  13 demonic crawlers
  81 yaktaurs
  2 elves (shapeshifter)
  17 blue devils
  11 red devils
  3 efreet
  3 hellwings
  4 ancient zymes
  A queen bee (Spider:1)
  3 harpy zombies
  An anaconda simulacrum (Depths:2)
  4 fire drakes
  9 komodo dragons
  7 freezing wraiths
  17 trolls
  A polar bear (shapeshifter) (Vaults:3)
  4 hydra zombies
  A queen bee (shapeshifter) (Vaults:3)
  13 deep elf priests
  A merfolk (Zig:12)
  13 giant leeches
  23 two-headed ogres
  A wind drake (shapeshifter) (Abyss:1)
  2 polar bears
  34 jumping spiders
  A raven (shapeshifter) (Zig:13)
  4 baby alligators (Swamp:3)
  A boulder beetle (shapeshifter) (Vaults:5)
  A jumping spider (shapeshifter) (Depths:2)
  27 blink frogs
  A wind drake (Zig:12)
  A giant leech (shapeshifter) (Depths:3)
  189 slime creatures
  7 boulder beetles
  4 elf zombies
  10 human zombies
  A black mamba zombie (Dis:2)
  2 hydra skeletons
  3 fire dragon zombies
  18 ravens
  A red wasp zombie (D:14)
  2 alligator zombies (Hell)
  An ettin zombie (Dis:3)
  A centaur simulacrum (D:15)
  18 bog bodies
  A spriggan zombie (Depths:2)
  A spriggan skeleton (Depths:2)
  7 basilisks
  58 redbacks
  2 trapdoor spiders (shapeshifter)
  6 raiju
  2 blink frogs (shapeshifter)
  2 snapping turtles (Zig:12)
  9 water elementals
  A vampire (Depths:1)
  30 tarantellas
  A wyvern (D:13)
  A fire dragon skeleton (D:15)
  4 air elementals
  26 trapdoor spiders
  An ettin skeleton (Dis:1)
  2 yaks (shapeshifter)
  A spriggan (shapeshifter) (Vaults:3)
  An alligator skeleton (Hell)
  A redback (shapeshifter) (Depths:1)
  16 spriggans
  22 fire elementals
  17 wraiths
  5 ynoxinuls
  A fire bat (Abyss:2)
  14 flying skulls
  34 deep elf magi
  A hog (shapeshifter) (D:14)
  12 shadows
  6 hippogriffs
  A hill giant zombie (D:15)
  37 yaks
  3 hungry ghosts
  Grum (Orc:1)
  35 wolves
  8 golden eyes
  A tarantella (shapeshifter) (Vaults:5)
  7 chaos spawn
  3 soldier ants (Spider:1)
  A steam dragon (Lair:4)
  A golden eye (shapeshifter) (D:14)
  4 neqoxecs
  17 wargs
  44 vampire mosquitoes
  37 deep elf fighters
  An ogre zombie (Vaults:1)
  A merfolk zombie (Dis:1)
  22 hell hounds
  A hydra simulacrum (Depths:2)
  42 swamp worms
  3 mottled dragons
  A spiny frog zombie (Dis:2)
  2 spatial vortices (Dis:3)
  3 spectral spriggans (Depths:2)
  14 yellow wasps
  22 water moccasins
  4 spectral trolls (Depths:2)
  11 porcupines
  A manticore zombie (D:14)
  A necrophage (Dis:1)
  4 sky beasts
  41 spiders
  A ghost crab zombie (Zig:10)
  A swamp dragon zombie (Dis:1)
  56 orc warriors
  16 swamp drakes
  33 ice beasts
  62 ogres
  5 phantoms
  A snapping turtle zombie (Depths:2)
  28 centaurs
  3 black bears
  3 elf skeletons
  3 human skeletons
  A torpor snail zombie (D:15)
  8 big kobolds
  21 crocodiles
  3 brain worms
  A gnoll sergeant (Zig:7)
  2 yaktaur zombies
  A cyclops zombie (D:15)
  A spiny frog simulacrum (Hell)
  23 insubstantial wisps
  41 giant frogs
  12 scorpions
  A cyclops skeleton (D:10)
  14 eyes of draining
  A boulder beetle zombie (Vaults:2)
  2 troll zombies
  24 killer bees
  4 human simulacra
  2 spectral nagas (Depths:2)
  8 electric eels
  A yellow wasp zombie (D:6)
  2 spectral centaurs (Depths:2)
  A troll skeleton (D:10)
  A lava snake (Zot:4)
  38 wights
  10 crimson imps
  18 hounds
  A giant frog skeleton (D:8)
  2 goliath beetles (D:11)
  6 quasits
  38 jellies
  A giant frog zombie (D:9)
  2 gnoll shamans
  23 iron imps
  33 orc priests
  A centaur skeleton (D:6)
  6 iguanas
  13 worker ants
  44 orc wizards
  A tengu simulacrum (D:14)
  A lightning spire (Zig:13)
  5 orange rats
  Jessica (D:3)
  A mottled dragon zombie (D:14)
  17 sheep
  A mottled dragon skeleton (D:13)
  A crocodile skeleton (D:11)
  An ogre skeleton (D:9)
  3 mummies
  20 gnolls
  2 worker ant zombies
  A naga simulacrum (Depths:2)
  25 adders
  33 green rats
  6 orc zombies
  8 shadow imps
  5 white imps
  8 giant mites
  10 worms
  7 ufetubi
  An adder skeleton (D:6)
  An adder zombie (D:5)
  2 orc skeletons
  A giant eyeball (Depths:2)
  7 giant geckos
  244 orcs
  2 ball pythons
  8 giant cockroaches
  36 goblins
  22 hobgoblins
  12 jackals
  4 oozes
  11 quokkas
  19 bats
  5 giant newts
  A giant spore (D:9)
  A goblin skeleton (D:4)
  A goblin zombie (Zig:7)
  A hobgoblin zombie (D:8)
  53 kobolds
  A lurking horror (Abyss:2)
  20 rats
  A rat zombie (D:8)
  9 ballistomycetes
  A briar patch (Swamp:2)
  4 crawling corpses
  A grand avatar (Zig:14)
  2 starspawn tentacles (Zig:9)
  A tentacle (Hell)
3987 creatures vanquished.

Vanquished Creatures (collateral kills)
  An orc (Zig:7)
  2 goblins (Zig:7)
  2 hobgoblins (Zig:7)
  An orc zombie (Zig:7)
6 creatures vanquished.

Vanquished Creatures (others)
  A tengu reaver (Depths:4)
  A draconian zealot (Zot:4)
  A deep troll shaman (Depths:4)
  A deep elf knight (Elf:2)
  2 small abominations
  A blue devil (Hell)
  A red devil (Zot:4)
  A two-headed ogre (Vaults:1)
  A flying skull (Zig:9)
  2 deep elf fighters
  A hell hound (Dis:3)
  An orc warrior (Vaults:5)
  2 ogres
  A lost soul (Elf:3)
  An orc zombie (Vaults:2)
  7 orcs
  A giant spore (D:12)
  17 fungi
  9 plants
  6 starspawn tentacles
  95 starspawn tentacle segments
  5 tentacles (Hell)
  8 tentacle segments (Hell)
166 creatures vanquished.

Grand Total: 4159 creatures vanquished

Notes
Turn   | Place    | Note
--------------------------------------------------------------
     0 | D:1      | Leibowitz, the Merfolk Gladiator, began the quest for the Orb.
     0 | D:1      | Reached XP level 1. HP: 16/16 MP: 1/1
   117 | D:1      | Reached XP level 2. HP: 22/22 MP: 2/2
   399 | D:1      | Reached skill level 5 in Polearms
   806 | D:2      | Reached XP level 3. HP: 27/27 MP: 3/3
   807 | D:2      | Reached skill level 5 in Dodging
  1156 | D:2      | Reached XP level 4. HP: 19/34 MP: 4/4
  1973 | D:2      | Found an iron altar of Okawaru.
  1992 | D:2      | Became a worshipper of Warmaster Okawaru
  2221 | D:3      | Noticed Jessica
  2244 | D:3      | Killed Jessica
  2244 | D:3      | Reached XP level 5. HP: 27/40 MP: 5/5
  2407 | D:3      | Reached skill level 6 in Polearms
  2407 | D:3      | Reached skill level 1 in Armour
  2895 | D:3      | Reached XP level 6. HP: 27/46 MP: 6/6
  2907 | D:3      | Noticed an ogre
  3773 | D:3      | Killed an ogre
  3773 | D:3      | Reached skill level 7 in Dodging
  3773 | D:3      | Reached skill level 1 in Stealth
  3944 | D:3      | Reached XP level 7. HP: 7/52 MP: 7/7
  4502 | D:5      | Entered Level 5 of the Dungeon
  4681 | D:4      | Acquired Okawaru's first power
  5370 | D:4      | Reached skill level 8 in Dodging
  5856 | D:4      | Reached XP level 8. HP: 40/60 MP: 6/8
  6265 | D:4      | Reached skill level 9 in Dodging
  8379 | D:6      | Reached skill level 5 in Fighting
  8416 | D:6      | Reached skill level 10 in Dodging
  8638 | D:6      | Found a glowing drain.
  8663 | Sewer    | Entered a sewer
  8914 | Sewer    | Reached XP level 9. HP: 57/68 MP: 9/9
  9204 | D:6      | Noticed Poody's ghost (experienced MfGl)
  9934 | D:6      | Found a staircase to the Ecumenical Temple.
 10343 | D:7      | Found a stormy altar of Qazlal.
 10343 | D:7      | Found a glowing silver altar of Zin.
 10604 | D:7      | Reached skill level 11 in Dodging
 10992 | D:7      | Reached skill level 1 in Invocations
 11361 | D:8      | Reached skill level 10 in Polearms
 11495 | D:8      | Reached XP level 10. HP: 20/79 MP: 11/11
 11880 | D:8      | Noticed Joseph
 12177 | D:8      | Killed Joseph
 12785 | D:9      | Reached skill level 5 in Stealth
 13134 | D:9      | Reached skill level 12 in Dodging
 13844 | D:9      | Noticed Fluffy's ghost (experienced MiFi)
 13888 | D:9      | Killed Fluffy's ghost
 14300 | Temple   | Entered the Ecumenical Temple
 14626 | D:6      | Killed Poody's ghost
 14626 | D:6      | Reached XP level 11. HP: 58/89 MP: 11/13
 14800 | D:10     | Entered Level 10 of the Dungeon
 14822 | D:10     | Received a gift from Okawaru
 15157 | D:10     | Noticed Harold
 15182 | D:10     | Killed Harold
 15182 | D:10     | Reached skill level 13 in Dodging
 15429 | D:10     | Found Sanairr's Gadget Shoppe.
 15519 | D:10     | Noticed Erica
 15525 | D:10     | Noticed Psyche
 15531 | D:10     | Killed Erica
 15531 | D:10     | Reached skill level 10 in Fighting
 15535 | D:10     | Killed Psyche
 16117 | D:11     | Received a gift from Okawaru
 16124 | D:11     | Noticed a hill giant
 16143 | D:11     | Killed a hill giant
 16588 | D:11     | Found a frozen archway.
 16758 | IceCv    | Entered an ice cave
 17036 | IceCv    | Noticed an ice statue
 17429 | IceCv    | Received a gift from Okawaru
 17429 | IceCv    | Reached XP level 12. HP: 61/99 MP: 16/16
 17567 | IceCv    | Noticed an ice statue
 17577 | IceCv    | Killed an ice statue
 17595 | IceCv    | Killed an ice statue
 17798 | IceCv    | Noticed an ice dragon
 17815 | IceCv    | Killed an ice dragon
 17815 | IceCv    | Reached skill level 14 in Dodging
 17817 | IceCv    | Received a gift from Okawaru
 17821 | IceCv    | Noticed an ice dragon
 17833 | IceCv    | Killed an ice dragon
 17889 | IceCv    | Got an ancient pewter amulet
 17895 | IceCv    | Identified the amulet "Vokesu" {Ward rF- rN+} (You found it in an ice cave)
 18559 | D:11     | Found a staircase to the Lair.
 19196 | D:12     | Acquired Okawaru's second power
 19300 | D:12     | Found a staircase to the Orcish Mines.
 19408 | Orc:1    | Entered Level 1 of the Orcish Mines
 19408 | Orc:1    | Noticed Snorg
 19783 | Orc:1    | Noticed Grum
 19805 | Orc:1    | Killed Grum
 20462 | Orc:2    | You fall through a shaft for 2 floors!
 20462 | Orc:4    | Entered Level 4 of the Orcish Mines
 20732 | Orc:3    | Found a flagged portal.
 20774 | Bailey   | Entered a bailey
 20957 | Bailey   | Reached skill level 15 in Dodging
 21049 | Bailey   | Got an ancient glaive
 21085 | Bailey   | Identified the +8 glaive of Hixef {speed, rF+ rC+ Str-3} (You found it in a bailey)
 21845 | Orc:2    | Received a gift from Okawaru
 22181 | Orc:2    | Found Moujammai's Jewellery Shop.
 22234 | Orc:2    | Found Kiussid's Antique Weapon Shoppe.
 22307 | Orc:2    | Found Wiazid's Gadget Boutique.
 22403 | Orc:2    | Reached XP level 13. HP: 97/108 MP: 18/18
 22528 | Orc:1    | Killed Snorg
 22804 | Lair:1   | Entered Level 1 of the Lair of Beasts
 23330 | Lair:1   | Reached skill level 16 in Dodging
 23424 | Lair:1   | Reached skill level 15 in Polearms
 24554 | Lair:2   | Received a gift from Okawaru
 25282 | Lair:3   | Received a gift from Okawaru
 25485 | Lair:3   | Reached XP level 14. HP: 118/118 MP: 19/19
 26274 | Lair:4   | Found a hole to the Spider Nest.
 26297 | Spider:1 | Entered Level 1 of the Spider Nest
 26297 | Spider:1 | Noticed Urug
 26301 | Spider:1 | Killed Urug
 26666 | Lair:5   | Found a labyrinth entrance.
 26670 | Lab      | Entered a labyrinth
 26760 | Lab      | Found an exit through the horrors of the Abyss.
 26827 | Lab      | Found an exit through the horrors of the Abyss.
 27184 | Lab      | Got a pitted jade ring
 27185 | Lab      | Got an ichor-stained short sword
 27185 | Lab      | Got a transparent cloak
 27190 | Lab      | Identified the ring "Duqitrix" {rN+ Str+3 Dex-5} (You found it in a labyrinth)
 27203 | Lab      | Identified the +0 cloak "Xitur" {rF+ Str+1 Slay+4} (You found it in a labyrinth)
 27205 | Lab      | Got an ancient whip
 27208 | Lab      | Identified the +3 short sword of Doom {venom, rElec SInv} (You found it in a labyrinth)
 27209 | Lab      | Identified the cursed -2 whip "Yleymnio" {pain, rElec rN+ Int-1 SInv} (You took it off a minotaur in a labyrinth)
 27516 | Lair:5   | Received a gift from Okawaru
 27519 | Lair:5   | Got a steaming chain mail {god gift}
 27520 | Lair:5   | Identified the +1 chain mail of the Old World {Slay+5} (Okawaru gifted it to you on level 5 of the Lair of Beasts)
 27624 | Lair:5   | Reached skill level 17 in Dodging
 27980 | Lair:6   | Got a bloodstained spear
 27981 | Lair:6   | Identified the cursed +1 spear of the Enemy {drain, +Rage +Inv} (You found it on level 6 of the Lair of Beasts)
 28208 | Lair:6   | Found a viscous altar of Jiyva.
 28208 | Lair:6   | Found a staircase to the Slime Pits.
 28238 | Slime:1  | Entered Level 1 of the Pits of Slime
 28515 | Lair:6   | Found a staircase to the Swamp.
 28532 | Swamp:1  | Entered Level 1 of the Swamp
 28533 | Swamp:1  | Noticed Frances
 28753 | Swamp:1  | Killed Frances
 29401 | Lair:7   | Received a gift from Okawaru
 29405 | Lair:7   | Got an encrusted chain mail {god gift}
 29416 | Lair:7   | Identified the +4 chain mail of the Solstice {Dex-4 Int+5} (Okawaru gifted it to you on level 7 of the Lair of Beasts)
 29809 | Lair:8   | Entered Level 8 of the Lair of Beasts
 30130 | Lair:8   | Reached XP level 15. HP: 78/127 MP: 21/21
 30628 | Lair:8   | Noticed Maud
 30649 | Lair:8   | Killed Maud
 30649 | Lair:8   | Reached skill level 15 in Fighting
 31044 | Lair:8   | Reached skill level 18 in Polearms
 31135 | Lair:8   | Reached skill level 5 in Armour
 32467 | Swamp:1  | Received a gift from Okawaru
 32881 | Swamp:1  | Noticed Rupert
 32901 | Swamp:1  | Received a gift from Okawaru
 33156 | Swamp:1  | Killed Rupert
 33330 | Swamp:1  | Received a gift from Okawaru
 33563 | Lair:4   | Reached skill level 19 in Polearms
 34523 | Swamp:2  | Identified a scroll of acquirement
 34805 | Swamp:2  | Noticed a thorn hunter
 34815 | Swamp:2  | Killed a thorn hunter
 34815 | Swamp:2  | Reached XP level 16. HP: 110/138 MP: 19/22
 35020 | Swamp:2  | Noticed a thorn hunter
 35035 | Swamp:2  | Killed a thorn hunter
 35207 | Swamp:2  | Noticed a thorn hunter
 35437 | Swamp:2  | Received a gift from Okawaru
 35508 | Swamp:2  | Killed a thorn hunter
 35508 | Swamp:2  | Reached skill level 20 in Polearms
 35532 | Swamp:2  | Reached skill level 1 in Crossbows
 35590 | Swamp:3  | Noticed a thorn hunter
 35607 | Swamp:3  | Killed a thorn hunter
 36492 | Swamp:3  | Reached skill level 21 in Polearms
 37042 | Swamp:4  | Received a gift from Okawaru
 37211 | Swamp:4  | Noticed Asterion
 37249 | Swamp:4  | Noticed a spectral weapon
 37268 | Swamp:4  | Killed Asterion
 38111 | Swamp:5  | Entered Level 5 of the Swamp
 38322 | Swamp:5  | Reached skill level 10 in Stealth
 38356 | Swamp:5  | Received a gift from Okawaru
 38356 | Swamp:5  | Reached XP level 17. HP: 121/145 MP: 23/23
 38363 | Swamp:5  | Reached skill level 22 in Polearms
 38389 | Swamp:5  | Got a dazzling hand crossbow {god gift}
 38390 | Swamp:5  | Identified the +10 hand crossbow of Ruination {venom, Contam Int+2} (Okawaru gifted it to you on level 5 of the Swamp)
 38393 | Swamp:5  | Gained mutation: You are dopey. (Int -2) [mutagenic glow]
 39131 | Swamp:5  | Noticed the 27-headed Lernaean hydra
 39149 | Swamp:5  | Killed the 27-headed Lernaean hydra
 39151 | Swamp:5  | Got a decaying rune of Zot
 39183 | Swamp:5  | Received a gift from Okawaru
 39844 | Spider:1 | Noticed Nessos
 40891 | Spider:1 | Noticed Agnes
 40902 | Spider:1 | Killed Agnes
 41287 | Spider:1 | Killed Nessos
 41287 | Spider:1 | Reached skill level 23 in Polearms
 41381 | Spider:1 | Noticed Aizul
 41399 | Spider:1 | Killed Aizul
 42932 | Spider:2 | Received a gift from Okawaru
 42935 | Spider:2 | Got a slimy cloak {god gift}
 42946 | Spider:2 | Identified the +2 cloak "Klassuah" {rF+} (Okawaru gifted it to you on level 2 of the Spider Nest)
 43547 | Spider:3 | Reached XP level 18. HP: 135/154 MP: 21/23
 43565 | Spider:3 | Reached skill level 24 in Polearms
 45113 | Spider:4 | Received a gift from Okawaru
 45768 | Spider:5 | Entered Level 5 of the Spider Nest
 46165 | Spider:5 | Gained mutation: You are somewhat resistant to further mutation. [potion of beneficial mutation]
 46528 | Spider:5 | Noticed Louise
 46558 | Spider:5 | Killed Louise
 46685 | Spider:5 | Reached skill level 25 in Polearms
 47090 | Spider:5 | Received a gift from Okawaru
 47640 | Spider:5 | Got a gossamer rune of Zot
 48401 | Orc:4    | Reached XP level 19. HP: 148/161 MP: 23/24
 48432 | Orc:4    | Noticed an orc high priest
 48433 | Orc:4    | Noticed an orc warlord
 48500 | Orc:4    | Killed an orc high priest
 48548 | Orc:4    | Found Masunail's Antique Weapon Shoppe.
 48622 | Orc:4    | Received a gift from Okawaru
 48625 | Orc:4    | Got a fine scale mail {god gift}
 48641 | Orc:4    | Identified the -3 scale mail "Arylij" {Str+4 Dex+3} (Okawaru gifted it to you on level 4 of the Orcish Mines)
 48680 | Orc:4    | Found Fruoh's General Store.
 48830 | Orc:4    | Found a staircase to the Elven Halls.
 48870 | Orc:4    | Reached skill level 26 in Polearms
 48967 | Orc:4    | Noticed an orc high priest
 48974 | Orc:4    | Killed an orc high priest
 48986 | Orc:4    | Found Woullai's Antique Armour Emporium.
 49001 | Orc:4    | Noticed an orc high priest
 49004 | Orc:4    | Noticed an orc high priest
 49004 | Orc:4    | Found Uciulas' Book Shoppe.
 49024 | Orc:4    | Killed an orc high priest
 49030 | Orc:4    | Killed an orc high priest
 49272 | Orc:4    | Killed an orc warlord
 49428 | Elf:1    | Entered Level 1 of the Elven Halls
 50791 | D:14     | Found Cuvoh's Distillery.
 50800 | D:14     | Found Lemn's Distillery.
 50805 | D:14     | Bought a potion of heal wounds for 33 gold pieces
 50805 | D:14     | Bought a potion of heal wounds for 33 gold pieces
 50805 | D:14     | Bought a potion of heal wounds for 33 gold pieces
 51098 | D:14     | Noticed Josephine
 51112 | D:14     | Killed Josephine
 51150 | D:14     | Found a gate to the Vaults.
 51164 | D:14     | Received a gift from Okawaru
 51277 | D:14     | Found Ypluzaog's Gadget Emporium.
 51504 | D:14     | Bought a wand of heal wounds (4) for 864 gold pieces
 51504 | D:14     | Bought a wand of teleportation (5) for 486 gold pieces
 51652 | D:15     | Entered Level 15 of the Dungeon
 51714 | D:15     | Found a blossoming altar of Fedhas.
 51757 | D:15     | Found a staircase to the Depths.
 52453 | D:15     | Found a radiant altar of Vehumet.
 52757 | Depths:1 | Entered Level 1 of the Depths
 52957 | Depths:1 | Received a gift from Okawaru
 53081 | Depths:1 | Noticed the Enchantress
 53107 | Depths:1 | Reached skill level 27 in Polearms
 53452 | Depths:1 | Noticed Jorgrun
 53469 | Depths:1 | Noticed Wiglaf
 53493 | Depths:1 | Killed Wiglaf
 53551 | Depths:1 | Reached XP level 20. HP: 70/172 MP: 10/25
 54124 | Depths:1 | Received a gift from Okawaru
 54127 | Depths:1 | Found a gateway to Hell.
 54360 | Depths:1 | Killed the Enchantress
 54369 | Depths:1 | Upgraded the game from 0.15.0-13-gb296d5c to 0.15.0-14-g6bbbb5c
 54378 | Depths:1 | Got a faerie dragon armour
 54379 | Depths:1 | Identified the +3 faerie dragon armour {Str+2 Int+3} (You took it off the Enchantress on level 1 of the Depths)
 54567 | Depths:1 | Killed Jorgrun
 54974 | Depths:1 | Received a gift from Okawaru
 55350 | Depths:2 | Received a gift from Okawaru
 55401 | Depths:2 | Found a gateway to a ziggurat.
 55594 | Depths:2 | Received a gift from Okawaru
 55598 | Depths:2 | Got a polished halberd {god gift}
 55599 | Depths:2 | Identified the +5 halberd of Conformity {chop, Int+1} (Okawaru gifted it to you on level 2 of the Depths)
 56062 | Depths:2 | Reached XP level 21. HP: 184/184 MP: 26/26
 56081 | Depths:2 | Received a gift from Okawaru
 56935 | Depths:2 | Paralysed by a giant eyeball for 2 turns
 56945 | Depths:2 | Paralysed by a giant eyeball for 2 turns
 57144 | Depths:3 | Received a gift from Okawaru
 57144 | Depths:3 | Reached skill level 1 in Evocations
 57734 | Depths:3 | Found a one-way gate leading to the halls of Pandemonium.
 57962 | Depths:3 | Received a gift from Okawaru
 58443 | Depths:3 | Got a fine lead ring
 58445 | Depths:3 | Identified the ring "Psummute" {rElec EV+4} (You found it on level 3 of the Depths)
 58489 | Depths:3 | Reached XP level 22. HP: 65/196 MP: 3/27
 59148 | Depths:3 | Received a gift from Okawaru
 59372 | Depths:3 | Got a steaming robe {god gift}
 59386 | Depths:3 | Identified the -1 robe of the Kangaroo {Str+4 Dex+2 Curse} (Okawaru gifted it to you on level 3 of the Depths)
 59657 | Depths:3 | Reached XP level 23. HP: 155/203 MP: 23/28
 59822 | Depths:4 | Found a one-way gate to the infinite horrors of the Abyss.
 60651 | Depths:4 | Found Izxer's Antique Armour Boutique.
 60654 | Depths:4 | Bought a distressingly furry robe for 256 gold pieces
 60655 | Depths:4 | Identified the cursed +1 robe "Schyacs" {Str-3 Dex+4} (You bought it in a shop on level 4 of the Depths)
 61026 | Depths:4 | Found Schogguro's Magic Scroll Emporium.
 61164 | Depths:4 | Received a gift from Okawaru
 61611 | Depths:5 | Entered Level 5 of the Depths
 62423 | Depths:5 | Found a portal to a secret trove of treasure.
 63010 | Depths:5 | Found a gate to the Realm of Zot.
 63052 | Depths:5 | Received a gift from Okawaru
 63308 | Vaults:1 | Entered Level 1 of the Vaults
 63314 | Vaults:1 | Reached XP level 24. HP: 215/215 MP: 29/29
 64708 | Vaults:2 | Found a staircase to the Crypt.
 65316 | Vaults:2 | Received a gift from Okawaru
 65501 | Vaults:2 | Reached skill level 5 in Invocations
 65631 | Vaults:2 | Reached skill level 10 in Armour
 66121 | Vaults:3 | Received a gift from Okawaru
 66246 | Vaults:3 | Received a gift from Okawaru
 67071 | Vaults:3 | Reached XP level 25. HP: 202/227 MP: 26/29
 67348 | Vaults:3 | Received a gift from Okawaru
 67359 | Vaults:3 | Got a warped helmet {god gift}
 67370 | Vaults:3 | Identified the +1 helmet of Impatience {SInv} (Okawaru gifted it to you on level 3 of the Vaults)
 68893 | Vaults:5 | Entered Level 5 of the Vaults
 69268 | Vaults:4 | Received a gift from Okawaru
 69555 | Vaults:5 | Cast into the Abyss (ettin)
 69871 | Abyss:1  | Received a gift from Okawaru
 69875 | Abyss:1  | Got a distressingly furry robe {god gift}
 70935 | Vaults:5 | Escaped the Abyss
 71086 | Vaults:5 | Reached XP level 26. HP: 192/240 MP: 25/31
 71240 | Vaults:5 | Got a brightly glowing scale mail
 71241 | Vaults:5 | Identified the +2 robe of Leibowitz's Duty {+Fly rF++} (Okawaru gifted it to you on level 1 of the Abyss)
 71242 | Vaults:5 | Identified the cursed -5 scale mail of Joy {Dex+1} (You found it on level 5 of the Vaults)
 71261 | Vaults:5 | Got a smoking pearl dragon armour
 71262 | Vaults:5 | Identified the +9 pearl dragon armour of Juicuhou {rN+ Str+3 Dex+1} (You found it on level 5 of the Vaults)
 71584 | Vaults:5 | Reached skill level 27 in Fighting
 72165 | Vaults:5 | Noticed Sojobo
 72178 | Vaults:5 | Received a gift from Okawaru
 72209 | Vaults:5 | Killed Sojobo
 72843 | Vaults:5 | Got a silver rune of Zot
 73132 | Vaults:5 | Got a polished ring mail
 73133 | Vaults:5 | Identified the cursed -2 ring mail of Zuthuora {Str-2 Dex+3} (You found it on level 5 of the Vaults)
 73948 | Elf:1    | Received a gift from Okawaru
 74099 | Elf:1    | Reached XP level 27. HP: 249/249 MP: 33/33
 74455 | Elf:2    | Found a flickering gateway to a bazaar.
 74469 | Bazaar   | Entered a bazaar
 74481 | Bazaar   | Found Yma Nes' Weapon Shop.
 74495 | Bazaar   | Found Thraach's Weapon Boutique.
 74533 | Bazaar   | Found Dalafuharo's Book Boutique.
 74547 | Bazaar   | Found Muazu's General Store.
 74593 | Bazaar   | Bought the +8 lance "Wyrmbane" {slay drac, +Rage rPois rF+ AC+5} for 1114 gold pieces
 74651 | Elf:2    | Received a gift from Okawaru
 74764 | Elf:2    | Got a transparent ring mail {god gift}
 74765 | Elf:2    | Identified the -5 ring mail of Ghynihar {Slay+4} (Okawaru gifted it to you on level 2 of the Elven Halls)
 74961 | Elf:2    | Reached skill level 27 in Dodging
 75377 | Elf:3    | Entered Level 3 of the Elven Halls
 75409 | Elf:3    | Found Qabaasch's Gadget Shoppe.
 75546 | Elf:3    | Identified Lehudib's Grimoire of Attacks and Air
 76185 | Elf:3    | Got a fine bronze amulet
 76186 | Elf:3    | Identified the amulet "Peusaogh" {Gourm Int+3 Stlth-} (You took it off a deep elf annihilator on level 3 of the Elven Halls)
 76192 | Elf:3    | Got a flickering crystal amulet
 76193 | Elf:3    | Identified the amulet of Vyrphuh {Stasis Str-3 Int+2} (You took it off a deep elf annihilator on level 3 of the Elven Halls)
 76479 | Elf:3    | Got a slimy robe
 76480 | Elf:3    | Identified the cursed -5 robe of Misfortune {-Cast Contam *Tele EV-4 Str-2 Dex-2 Int-2 Stlth-- Curse} (You found it on level 3 of the Elven Halls)
 76512 | Elf:3    | Identified Sif Muna's Guide on Evil Secrets
 76603 | Elf:3    | Got a faintly glowing scale mail
 76604 | Elf:3    | Identified the +1 scale mail of Yredelemnul {rF+ Dex+2} (You found it on level 3 of the Elven Halls)
 77132 | Slime:1  | Reached skill level 15 in Stealth
 77656 | Slime:2  | Received a gift from Okawaru
 79053 | Slime:5  | Paralysed by a great orb of eyes for 3 turns
 79598 | Slime:4  | Received a gift from Okawaru
 79841 | Slime:6  | Entered Level 6 of the Pits of Slime
 80134 | Slime:6  | Gained mutation: You are frail (-10% HP). [a shining eye]
 80269 | Slime:6  | Noticed the royal jelly
 80290 | Slime:6  | Found a viscous altar of Jiyva.
 80322 | Slime:6  | Paralysed by a great orb of eyes for 7 turns
 80775 | Elf:2    | Lost mutation: You are dopey. (Int -2) [potion of cure mutation]
 80775 | Elf:2    | Lost mutation: You are somewhat resistant to further mutation. [potion of cure mutation]
 80775 | Elf:2    | Lost mutation: You are frail (-10% HP). [potion of cure mutation]
 80855 | Orc:4    | Bought a potion of beneficial mutation for 630 gold pieces
 80856 | Orc:4    | Gained mutation: You can spit poison. [potion of beneficial mutation]
 81642 | Slime:6  | Paralysed by a great orb of eyes for 4 turns
 81800 | Slime:6  | Killed the royal jelly
 81800 | Slime:6  | Received a gift from Okawaru
 82131 | Slime:6  | Got a transparent fire dragon armour
 82132 | Slime:6  | Identified the -6 fire dragon armour "Vynetel" {rElec rF++ rC-} (You found it on level 6 of the Pits of Slime)
 82153 | Slime:6  | Got a glittering ivory ring
 82154 | Slime:6  | Identified the ring of Chempet {+/*Tele rElec Str+2} (You found it on level 6 of the Pits of Slime)
 82273 | Slime:6  | Identified Bees Ostrao's Almanac of the Entourage and Poisoning
 82276 | Slime:6  | Got a slimy rune of Zot
 82281 | Slime:6  | Got a heavily runed golden amulet
 82282 | Slime:6  | Identified the amulet "Atidua" {Gourm rC+ Dex+3 SInv} (You found it on level 6 of the Pits of Slime)
 83315 | Hell     | Entered the Vestibule of Hell
 83315 | Hell     | Noticed Geryon
 83346 | Hell     | Killed Geryon
 83537 | Depths:1 | Reached skill level 10 in Invocations
 83892 | Hell     | Found a gateway to the decaying netherworld of Tartarus.
 83904 | Tar:1    | Entered Level 1 of Tartarus
 83971 | Hell     | Found a gateway to the ashen valley of Gehenna.
 83991 | Hell     | Reached skill level 5 in Throwing
 84011 | Hell     | Received a gift from Okawaru
 84031 | Geh:1    | Entered Level 1 of Gehenna
 84242 | Hell     | Found a gateway to the Iron City of Dis.
 84261 | Dis:1    | Entered Level 1 of the Iron City of Dis
 84345 | Hell     | Found a gateway to the freezing wastes of Cocytus.
 84420 | Coc:1    | Entered Level 1 of Cocytus
 84436 | Hell     | Received a gift from Okawaru
 84437 | Hell     | Reached skill level 15 in Armour
 84445 | Hell     | Got a bone bardiche {god gift}
 84446 | Hell     | Identified the +7 bardiche of Mehaim {chop, +Inv MR++ Str+1} (Okawaru gifted it to you in the Vestibule of Hell)
 86561 | Dis:2    | Gained mutation: You are dopey. (Int -2) [mutagenic glow]
 86656 | Dis:2    | Gained mutation: Your magical capacity is low (-10% MP). [mutagenic glow]
 86740 | Dis:2    | Received a gift from Okawaru
 88113 | Depths:5 | You paid a toll of a +4 demon trident to enter a treasure trove
 88114 | Trove    | Entered a treasure trove
 88222 | Zot:1    | Entered Level 1 of the Realm of Zot
 89423 | Zot:2    | Received a gift from Okawaru
 89658 | Zot:2    | Got a pair of faintly glowing boots
 89659 | Zot:2    | Identified the -3 pair of boots "Wuroil" {rN+ Dex-2} (You found it on level 2 of the Realm of Zot)
 89879 | Zot:2    | Received a gift from Okawaru
 91188 | Zot:4    | Noticed an orb of fire
 91190 | Zot:4    | Gained mutation: You are very dopey. (Int -4) [an orb of fire]
 91194 | Zot:4    | Gained mutation: You are partially covered in rough black scales (AC +4, Dex -1). [an orb of fire]
 91216 | Zot:4    | Noticed an orb of fire
 91216 | Zot:4    | Killed an orb of fire
 91235 | Zot:4    | Killed an orb of fire
 92362 | Zot:5    | Entered Level 5 of the Realm of Zot
 92634 | Zot:4    | Received a gift from Okawaru
 92803 | Zot:1    | Received a gift from Okawaru
 93323 | Zig:1    | Entered Level 1 of a ziggurat
 93356 | Zig:1    | Got a polished flail
 93359 | Zig:2    | Entered Level 2 of a ziggurat
 93392 | Zig:3    | Entered Level 3 of a ziggurat
 93421 | Zig:4    | Entered Level 4 of a ziggurat
 93477 | Zig:5    | Entered Level 5 of a ziggurat
 93482 | Zig:5    | Noticed Vyebruax the pandemonium lord
 93504 | Zig:5    | Killed Vyebruax the pandemonium lord
 93540 | Zig:6    | Entered Level 6 of a ziggurat
 93618 | Zig:7    | Entered Level 7 of a ziggurat
 93709 | Zig:7    | Got a tattered robe
 93710 | Zig:7    | Identified the -1 robe of Untruth {Slay+4 Stlth+} (You found it on level 7 of a ziggurat)
 93716 | Zig:7    | Got an ancient short sword
 93717 | Zig:7    | Identified the +7 short sword of Fedhas' Wrath {slice, Dex+3 Stlth+} (You found it on level 7 of a ziggurat)
 93723 | Zig:8    | Entered Level 8 of a ziggurat
 93809 | Zig:8    | Got an ancient silver ring
 93810 | Zig:8    | Identified the ring of the Raven {rN+ MR+ Dex+3 Int+2} (You found it on level 8 of a ziggurat)
 93814 | Zig:8    | Got a warped scythe
 93815 | Zig:8    | Identified the +4 scythe of Ghecefua {flame, Dex-2} (You found it on level 8 of a ziggurat)
 93835 | Zig:9    | Entered Level 9 of a ziggurat
 94050 | Zig:10   | Entered Level 10 of a ziggurat
 94059 | Zig:10   | Noticed an ancient lich
 94060 | Zig:10   | Noticed an ancient lich
 94073 | Zig:10   | Killed an ancient lich
 94084 | Zig:10   | Killed an ancient lich
 94344 | Zig:10   | Identified the Volume of Quantum Leap
 94348 | Zig:10   | Reached skill level 5 in Evocations
 94363 | Zig:10   | Got a smoking leather armour
 94364 | Zig:10   | Identified the cursed -1 leather armour of the Six Planets {+Blink rF++ rN+ Str+2 Int+1 Stlth--} (You found it on level 10 of a ziggurat)
 94369 | Zig:11   | Entered Level 11 of a ziggurat
 94458 | Zig:11   | Received a gift from Okawaru
 94827 | Zig:12   | Entered Level 12 of a ziggurat
 95003 | Zig:12   | Got a crystal scythe
 95004 | Zig:12   | Identified the cursed +0 scythe of Ecoxziry {slice, rPois} (You found it on level 12 of a ziggurat)
 95009 | Zig:12   | Got a fine pewter ring
 95010 | Zig:12   | Identified the ring of Omu Defi {rC+ Str+1 Dex+4} (You found it on level 12 of a ziggurat)
 95034 | Zig:13   | Entered Level 13 of a ziggurat
 95049 | Zig:13   | Noticed Blo Lugg the pandemonium lord
 95078 | Zig:13   | Killed Blo Lugg the pandemonium lord
 95125 | Zig:13   | Received a gift from Okawaru
 95143 | Zig:13   | Identified the Papyrus of Companions
 95156 | Zig:13   | Got a sheer robe
 95157 | Zig:13   | Identified the +1 robe of Trumpets {Dex-2 Int-1} (You found it on level 13 of a ziggurat)
 95225 | Zig:14   | Entered Level 14 of a ziggurat
 95251 | Zig:14   | Noticed Durusar the pandemonium lord
 95274 | Zig:14   | Gained mutation: Your body is slowly deteriorating. [a cacodemon]
 95274 | Zig:14   | Gained mutation: You are clumsy. (Dex -2) [a cacodemon]
 95280 | Zig:14   | HP: 7/249 [Shadow Fiend[a shadow demon] (9)]
 95289 | Zig:14   | Killed from afar by a balrug

Action                   |  1- 3 |  4- 6 |  7- 9 | 10-12 | 13-15 | 16-18 | 19-21 | 22-24 | 25-27 || total
-------------------------+-------+-------+-------+-------+-------+-------+-------+-------+-------++-------
Melee: Trident           |   102 |   290 |   735 |       |       |       |       |       |       ||  1127
       Spear             |       |       |   212 |  1139 |    75 |    36 |       |       |       ||  1462
       Glaive            |       |       |       |   458 |  1320 |  1564 |  1361 |  1514 |  3085 ||  9302
       Demon trident     |       |       |       |       |       |    65 |    10 |       |       ||    75
       Bardiche          |       |       |       |       |       |       |   196 |       |  1074 ||  1270
       Unarmed           |       |       |       |       |       |       |     8 |       |     2 ||    10
       Lance             |       |       |       |       |       |       |       |       |   745 ||   745
 Fire: Blowgun           |       |       |     4 |    48 |       |       |       |       |       ||    52
       Triple crossbow   |       |       |       |       |     6 |       |       |       |       ||     6
Throw: Throwing net      |       |     6 |     2 |     1 |       |       |       |       |       ||     9
       Stone             |       |     5 |       |     6 |       |       |       |       |       ||    11
       Javelin           |       |       |       |    28 |       |    17 |     4 |       |     3 ||    52
Invok: Heroism           |       |       |    10 |    17 |     8 |     6 |     7 |     3 |    26 ||    77
       Finesse           |       |       |       |       |       |       |       |       |    10 ||    10
 Abil: Evoke Invisibilit |       |       |       |       |       |       |       |       |     2 ||     2
Evoke: Wand              |       |       |       |     6 |     8 |     2 |     4 |       |     9 ||    29
       Horn of Geryon    |       |       |       |       |       |       |       |       |     2 ||     2
  Use: Potion            |       |       |    14 |     9 |     8 |     5 |    13 |     4 |    23 ||    76
       Scroll            |       |       |    11 |    12 |    10 |     3 |     8 |     4 |    46 ||    94
 Stab: Held in net/web   |       |     4 |     1 |     7 |       |       |     2 |       |       ||    14
       Sleeping          |       |     1 |    21 |    19 |    24 |    42 |     7 |     5 |    90 ||   209
       Distracted        |       |       |     1 |     6 |     8 |    10 |     4 |     1 |    22 ||    52
       Fleeing           |       |       |       |     1 |       |       |       |       |     1 ||     2
       Invisible         |       |       |       |     1 |       |       |       |       |    24 ||    25
       Confused          |       |       |       |       |       |       |       |       |     4 ||     4
  Eat: Chunk             |     1 |     2 |     2 |       |       |       |       |       |       ||     5
       Beef jerky        |       |     3 |     3 |     5 |     3 |     1 |     5 |     1 |     7 ||    28
       Bread ration      |       |     1 |     3 |     5 |     3 |     5 |     3 |     2 |     6 ||    28
       Meat ration       |       |       |     1 |     1 |     1 |     1 |     2 |     3 |     7 ||    16
       Royal jelly       |       |       |     1 |     1 |       |     1 |       |     1 |     2 ||     6
       Fruit             |       |       |       |     2 |    13 |     8 |     3 |     4 |    10 ||    40
       Pizza             |       |       |       |       |     1 |     1 |       |       |     7 ||     9
